 Dungeon Crawl Stone Soup version 0.16.2-12-gd0ad4c3 (webtiles) character file.

2904 faibistes the Thaumaturge (level 9, -22/45 HPs)
             Began as a Deep Elf Wizard on Feb 10, 2018.
             Was a Priest of Sif Muna.
             Killed from afar by a deep elf knight (38 damage)
             ... with a stone arrow
             ... in a bailey.
             The game lasted 00:27:28 (7797 turns).

faibistes the Thaumaturge (Deep Elf Wizard)         Turns: 7797, Time: 00:27:28

Health: -22/45     AC:  7    Str:  4    XL:     9   Next: 49%
Magic:  22/29      EV: 15    Int: 27    God:    Sif Muna [***...]
Gold:   191        SH:  0    Dex: 13    Spells: 7 memorised, 10 levels left

rFire  . . .     SeeInvis .     f - +0 dagger (elec)
rCold  . . .     Clarity  .     a - +0 robe
rNeg   . . .     SustAb   .     (no shield)
rPois  .         Gourm    .     b - +0 hat
rElec  .         Spirit   .     o - +0 cloak
rCorr  .         Warding  .     l - +0 pair of gloves
rMut   .         Stasis   .     A - +2 pair of boots
MR     +....                    (no amulet)
Stlth  ++........               m - ring of invisibility
                                y - ring of protection from magic

@: repel missiles, somewhat resistant to hostile enchantments, unstealthy
A: no striking features
a: Channel Energy, Forget Spell, Renounce Religion, Evoke Invisibility


You were in a bailey.
You worshipped Sif Muna.
Sif Muna was most pleased with you.
You were not hungry.

You visited 2 branches of the dungeon, and saw 8 of its levels.
You also visited: Bailey.

You collected 191 gold pieces.

Inventory:

Hand weapons
 f - a +0 dagger of electrocution (weapon)
 j - a +0 dagger
Armour
 a - a +0 robe (worn)
 b - a +0 hat (worn)
 l - a +0 pair of gloves (worn)
 o - a +0 cloak (worn)
 A - a +2 pair of boots (worn)
Jewellery
 m - a ring of invisibility (right hand)
 u - an uncursed amulet of stasis
 y - a ring of protection from magic (left hand)
Magical devices
 G - a wand of lightning (0)
Scrolls
 q - 5 scrolls of remove curse
 s - 3 scrolls of teleportation
 t - a scroll of recharging
 w - a scroll of amnesia
 z - a scroll of fog {unknown}
 F - a scroll of enchant armour {unknown}
 H - a scroll of identify
Potions
 e - a potion of might
 i - 2 potions of restore abilities
 n - a potion of curing
 p - 3 potions of lignification
 v - 2 potions of brilliance
 x - a potion of heal wounds {unknown}
 B - a potion of ambrosia {unknown}
 C - a potion of resistance {unknown}
Books
 c - a book of Minor Magic

   Spells                             Type                      Level
   a - Magic Dart                     Conjuration                  1
   b - Blink                          Translocation                2
   c - Call Imp                       Summoning                    2
   d - Repel Missiles                 Charms/Air                   2
   e - Slow                           Hexes                        2
   f - Conjure Flame                  Conjuration/Fire             3
   g - Mephitic Cloud                 Conjuration/Poison/Air       3
 E - the Volume of Unholy Arts
   (You found it on level 5 of the Dungeon)

   Spells                             Type                      Level
   a - Corpse Rot                     Necromancy                   2
   b - Sublimation of Blood           Necromancy                   2
   c - Animate Dead                   Necromancy                   4
   d - Simulacrum                     Ice/Necromancy               6
   e - Death Channel                  Necromancy                   6
Comestibles
 d - 3 bread rations
 g - 4 meat rations
 k - 3 beef jerkies


   Skills:
 + Level 5.9 Dodging
 - Level 2.4 Stealth
 * Level 9.6 Spellcasting
 * Level 6.2 Conjurations
 * Level 4.6 Summonings
 * Level 3.8 Necromancy
 - Level 2.5 Translocations
 * Level 4.3 Fire Magic
 * Level 3.8 Air Magic
 + Level 3.0 Poison Magic


You had 10 spell levels left.
You knew the following spells:

 Your Spells              Type           Power        Failure   Level  Hunger
a - Magic Dart            Conj           ####         1%          1    None
b - Conjure Flame         Conj/Fire      #####...     1%          3    None
c - Call Imp              Summ           #####...     1%          2    None
d - Blink                 Tloc           N/A          2%          2    None
e - Mephitic Cloud        Conj/Pois/Air  #####...     2%          3    None
f - Repel Missiles        Chrm/Air       ###...       3%          2    None
g - Animate Dead          Necr           N/A          12%         4    None


Dungeon Overview and Level Annotations

Branches:
Dungeon (7/15)             Temple (1/1) D:5

Altars:
Ashenzari
Dithmenos
Elyvilon
Fedhas
Gozag
Kikubaaqudgha
Makhleb
Nemelex Xobeh
Okawaru
Qazlal
Ru
Sif Muna
Trog
Vehumet
Xom
Yredelemnul
Zin
The Shining One
Jiyva

Shops:
D:4 (


Message History

The deep elf fighter shouts!
You hear a shout!
The deep elf fighter is engulfed in noxious fumes.
The deep elf fighter appears confused.
The deep elf fighter moves out of view.
Unknown command.
You close the door.
You start resting.
A deep elf knight opens the door.
It is wielding a short sword.
Casting: Mephitic Cloud
Confirm with . or Enter, or press ? or * to list all spells.
Aiming: Mephitic Cloud
Press: ? - help, Shift-Dir - straight line, f - deep elf knight
Aim: a deep elf knight, wielding a short sword and wearing a leather armour (lightly wounded)
The ball explodes into a vile cloud!
The stinking cloud engulfs the deep elf knight.
The deep elf knight is lightly wounded.
The deep elf knight is engulfed in noxious fumes.
The deep elf knight gestures at you while chanting.
The stone arrow hits you!
Ouch! That really hurt!
You die...

### #### #..
##..## #... #....#
... #.§..# ..###+
####§e##
##...###.§.##§###
#.....#§e...##@.#
#(..).#.Z§..#....#
#...Z.#.Z.e.#....#
##)...#....###..##
#####Z##### #+##
#....#....##
#.)...#.....#
#.....#..∩..#
#.....#.....#


You could see a deep elf knight.

Vanquished Creatures
  2 deep elf priests (Bailey)
  Grinder (D:4)
  2 deep elf magi (Bailey)
  A deep elf fighter (Bailey)
  A sky beast (D:4)
  2 ogres (D:5)
  2 centaurs (D:6)
  3 wights (D:4)
  2 crimson imps (D:5)
  A giant frog zombie (D:5)
  A wasp zombie (D:6)
  A giant frog skeleton (D:5)
  An orc priest (D:4)
  2 gnoll shamans
  A jelly (D:6)
  2 iguanas
  Natasha (thrice) (D:4)
  4 worker ants
  A killer bee zombie (D:5)
  An orc wizard (D:3)
  Ijyb (D:4)
  A hound skeleton (D:5)
  8 adders
  13 gnolls
  A giant mite (D:2)
  3 worms
  An adder skeleton (D:4)
  2 adder zombies (D:5)
  5 giant geckos
  An ooze (D:1)
  9 orcs
  3 ball pythons
  14 goblins
  11 hobgoblins
  13 jackals
  3 quokkas
  8 bats
  8 giant cockroaches
  A giant gecko zombie (D:5)
  4 giant newts
  A jackal zombie (D:5)
  19 kobolds
  A quokka skeleton (D:4)
  A quokka zombie (D:5)
  16 rats
182 creatures vanquished.

Vanquished Creatures (collateral kills)
  A deep elf mage (Bailey)
  A giant cockroach (D:4)
2 creatures vanquished.

Vanquished Creatures (others)
  A deep elf priest (Bailey)
  A deep elf mage (Bailey)
  4 elf zombies (Bailey)
  A white imp (D:4)
7 creatures vanquished.

Grand Total: 191 creatures vanquished

Notes
Turn   | Place    | Note
--------------------------------------------------------------
     0 | D:1      | faibistes, the Deep Elf Wizard, began the quest for the Orb.
     0 | D:1      | Reached XP level 1. HP: 10/10 MP: 6/6
   535 | D:1      | Reached XP level 2. HP: 15/15 MP: 1/10
   554 | D:1      | Learned a level 2 spell: Blink
   557 | D:1      | Learned a level 2 spell: Call Imp
   893 | D:1      | Reached skill level 5 in Spellcasting
  1478 | D:1      | Reached XP level 3. HP: 19/19 MP: 7/14
  1518 | D:1      | Learned a level 3 spell: Conjure Flame
  1522 | D:1      | Learned a level 3 spell: Mephitic Cloud
  1614 | D:2      | Found an ancient bone altar of Kikubaaqudgha.
  1614 | D:2      | Found a white marble altar of Elyvilon.
  1616 | D:2      | Found a shadowy altar of Dithmenos.
  1744 | D:2      | Found a blossoming altar of Fedhas.
  1995 | D:2      | Reached XP level 4. HP: 24/24 MP: 7/17
  2009 | D:2      | Learned a level 2 spell: Repel Missiles
  2221 | D:2      | Found a radiant altar of Vehumet.
  2356 | D:2      | Reached skill level 6 in Spellcasting
  2363 | D:2      | Found a stormy altar of Qazlal.
  3071 | D:3      | Found a basalt altar of Yredelemnul.
  3211 | D:4      | Reached XP level 5. HP: 24/28 MP: 11/20
  3347 | D:3      | Found a sacrificial altar of Ru.
  3470 | D:4      | Noticed Ijyb
  3482 | D:4      | Killed Ijyb
  3681 | D:4      | Reached skill level 7 in Spellcasting
  3681 | D:4      | Reached XP level 6. HP: 21/32 MP: 14/23
  3871 | D:5      | Entered Level 5 of the Dungeon
  3871 | D:5      | Found a staircase to the Ecumenical Temple.
  3876 | Temple   | Entered the Ecumenical Temple
  4232 | D:4      | Noticed Natasha
  4244 | D:4      | Found a deep blue altar of Sif Muna.
  4249 | D:4      | Became a worshipper of Sif Muna the Loreminder
  4457 | D:4      | Killed Natasha
  4647 | D:3      | Found a burning altar of Makhleb.
  5360 | D:4      | Reached skill level 1 in Air Magic
  5360 | D:4      | Reached XP level 7. HP: 32/36 MP: 9/25
  5443 | D:4      | Noticed Natasha
  5447 | D:4      | Killed Natasha
  5456 | D:4      | Reached skill level 1 in Fire Magic
  5515 | D:4      | Noticed Grinder
  5609 | D:4      | Paralysed by Grinder for 2 turns
  5627 | D:4      | Killed Grinder
  5627 | D:4      | Acquired Sif Muna's first power
  5705 | D:4      | Reached skill level 8 in Spellcasting
  5705 | D:4      | Reached skill level 1 in Poison Magic
  5846 | D:4      | Found Cradatag's Weapon Boutique.
  6167 | D:4      | Noticed Natasha
  6169 | D:4      | Killed Natasha
  6308 | D:5      | Reached XP level 8. HP: 36/41 MP: 20/27
  6362 | D:5      | Identified the Volume of Unholy Arts
  6368 | D:5      | Learned a level 4 spell: Animate Dead
  6408 | D:5      | Reached skill level 5 in Conjurations
  6495 | D:6      | Reached skill level 5 in Dodging
  6527 | D:5      | Found an iron altar of Okawaru.
  6599 | D:5      | Found a glowing silver altar of Zin.
  6672 | D:5      | Reached skill level 1 in Necromancy
  6933 | D:6      | Acquired Sif Muna's second power
  7560 | D:7      | Found a flagged portal.
  7567 | Bailey   | Entered a bailey
  7641 | Bailey   | Reached skill level 9 in Spellcasting
  7646 | Bailey   | Noticed a deep elf priest
  7653 | Bailey   | Noticed a deep elf priest
  7656 | Bailey   | Killed a deep elf priest
  7656 | Bailey   | Reached XP level 9. HP: 42/45 MP: 13/29
  7660 | Bailey   | Noticed a deep elf priest
  7660 | Bailey   | Killed a deep elf priest
  7679 | Bailey   | Killed a deep elf priest
  7739 | Bailey   | Noticed a deep elf knight
  7797 | Bailey   | Killed from afar by a deep elf knight

Action                   |  1- 3 |  4- 6 |  7- 9 || total
-------------------------+-------+-------+-------++-------
Melee: Unarmed           |     6 |       |       ||     6
       Dagger            |       |    15 |    80 ||    95
 Cast: Magic Dart        |    98 |   217 |   174 ||   489
       Blink             |     3 |     8 |     7 ||    18
       Conjure Flame     |     1 |    12 |     8 ||    21
       Mephitic Cloud    |       |    13 |    32 ||    45
       Repel Missiles    |       |     3 |     1 ||     4
       Call Imp          |       |       |     1 ||     1
       Animate Dead      |       |       |     3 ||     3
Invok: Channel Energy    |       |       |    20 ||    20
Evoke: Wand              |       |       |     1 ||     1
  Use: Scroll            |     4 |     7 |     3 ||    14
       Potion            |       |     1 |     3 ||     4
 Stab: Confused          |       |     1 |     4 ||     5
  Eat: Chunk             |     3 |    10 |     9 ||    22
       Fruit             |       |       |     2 ||     2
